AoeStats
← RedPhosphoru

Arabian Desert

510005202Analyzed
1v1 RM · 2d ago on Sep 29, 2026· 32m 46s· 2 players
Game mode
Random Map
Map size
Tiny (2 player)
Population
200
Speed
Normal
Resources
Standard
Victory
Conquest
Starting age
Dark Age
Ending age
Imperial Age
RankedLock teamsTeams togetherTeam positionsShared explorationLock speedFull tech treeHidden civsTurbo modeCheats
Victory
Defeat
🇺🇸 Celts · United States
2307
+22
🇨🇦 Armenians · Canada
2437
-22
RedPhosphoru
7:57 Loom
10:30 Feudal Age
14:11 Castle Age
12:13 Double-Bit Axe
14:35 Fletching
15:22 Bodkin Arrow
Survivalist
6:08 Loom
9:37 Feudal Age
10:30 Double-Bit Axe
15:30 Fletching
17:34 Padded Archer Armor
18:51 Wheelbarrow
24:06 Castle Age
25:19 Bodkin Arrow
29:33 Guard Tower
Connection lost

Rejoining the realm…

Still unreachable

The connection could not be restored.

Session expired

The server has moved on; the page needs a fresh start.